Map: Lost and Found LE

Players

Nerchio - Winner!

  • Race: Zerg Zerg
  • Spawn Location: 7:00

NXZ

  • Race: Zerg Zerg
  • Spawn Location: 1:00

Event: WCS Valencia 2018

VOD

Have the link to the VOD?

Description

Time

  • Played on: July 12, 2018, 10:10 a.m.
  • Length: 6:21

All games in this series

Show
View Real Time Build Order
Export as new Build Order

Nerchio Zerg - Winner!

Build Orders: Hatch First 

Get SALT Encoding   

  12  0:00  Drone  
  13  0:12  Overlord  
  13  0:16  Drone  
  14  0:31  Drone x2  
  16  0:48  Hatchery  
  15  0:51  Drone  
  15  0:55  Drone  
  17  0:58  Drone  
  18  1:08  Extractor  
  17  1:14  Spawning Pool  
  17  1:17  Drone  
  17  1:20  Drone  
  18  1:28  Drone  
  19  1:40  Overlord  
  19  2:01  Queen x2, Zergling x2  
  19  2:02  Zergling x4  
  19  2:08  Metabolic Boost  
  26  2:11  Drone  
  26  2:13  Drone  
  28  2:22  Drone x2  
  30  2:38  Hatchery, Drone  
  30  2:41  Drone  
  30  2:44  Drone  
  32  2:46  Drone  
  33  2:54  Overlord  
  33  2:58  Baneling Nest  
  33  3:00  Drone  
  33  3:05  Drone  
  34  3:06  Drone  
  34  3:12  Queen  
  35  3:20  Zergling x4  
  35  3:22  Drone  
  35  3:23  Zergling x2  
  35  3:24  Zergling x4  
  41  3:30  Drone  
  41  3:31  Evolution Chamber  
  41  3:32  Drone  
  42  3:40  Drone x2  
  44  3:45  Overlord x2  
  44  3:51  Drone x3  
  44  3:53  Baneling x2  
  44  3:54  Drone x2  
  48  4:01  Zergling x2  
  49  4:05  Zergling x4  
  49  4:12  Zerg Missile Weapons Level 1, Drone  
  49  4:14  Extractor  
  49  4:16  Roach Warren  
  48  4:20  Zergling x2  
  48  4:21  Zergling x2  
  48  4:23  Zergling x2  
  48  4:24  Drone x3  
  51  4:26  Drone x2  
  51  4:30  Baneling x2  
  54  4:31  Extractor  
  54  4:32  Drone  
  54  4:33  Drone  
  54  4:41  Baneling x2, Zergling x2  
  54  4:45  Zergling x10  
  60  4:48  Overlord  
  60  4:58  Overlord x2  
  60  5:10  Overlord  
  60  5:17  Roach  
  60  5:18  Roach x8  
  60  5:21  Roach  
  80  5:23  Roach  
  80  5:28  Roach  
  83  5:31  Roach x2  
  83  5:32  Zergling x2  
  83  5:35  Roach  
  85  5:37  Roach  
  85  5:38  Zergling x2  
  85  5:39  Zergling x2  
  85  5:41  Zergling x2  
  89  5:43  Zergling x2  
  89  5:46  Zergling x4  
  90  5:51  Zergling x4  
  90  5:53  Zergling x2  
  92  5:57  Zergling x2  
  92  6:02  Zergling x2  
  96  6:12  Ravager x2  
Show
View Real Time Build Order
Export as new Build Order

NXZ Zerg 

Build Orders: Hatch First 

Get SALT Encoding   

  12  0:00  Drone  
  13  0:08  Drone  
  14  0:16  Overlord  
  14  0:22  Extractor  
  14  0:23  Drone  
  15  0:34  Drone  
  15  0:35  Drone  
  17  0:51  Hatchery  
  17  0:54  Drone  
  17  0:57  Drone  
  18  1:08  Extractor  
  17  1:12  Spawning Pool  
  17  1:15  Drone  
  17  1:19  Drone  
  18  1:26  Drone  
  19  1:37  Overlord  
  19  1:59  Queen, Zergling x4  
  23  2:02  Queen  
  23  2:03  Drone  
  23  2:08  Metabolic Boost  
  26  2:09  Drone  
  26  2:14  Drone  
  28  2:20  Drone  
  29  2:25  Drone  
  30  2:35  Hatchery  
  29  2:41  Baneling Nest  
  29  2:43  Drone  
  29  2:46  Zergling x2  
  29  2:49  Drone  
  31  2:55  Overlord  
  31  3:00  Drone x2  
  33  3:13  Drone x3  
  34  3:20  Drone x3  
  34  3:21  Drone x2  
  34  3:22  Drone  
  40  3:30  Zergling x2  
  40  3:32  Baneling x2  
  40  3:33  Queen  
  43  3:36  Overlord  
  43  3:41  Overlord  
  43  3:46  Zergling x2  
  43  3:47  Zergling x6  
  47  3:48  Baneling x2  
  47  3:51  Zergling x2  
  47  3:52  Zergling x2  
  47  3:53  Zergling x2  
  49  3:57  Zergling x2  
  49  4:00  Zergling x4  
  51  4:14  Lair  
  51  4:15  Drone x7  
  58  4:17  Extractor  
  58  4:18  Drone  
  58  4:19  Drone  
  58  4:22  Drone  
  56  4:27  Drone x2  
  56  4:30  Drone  
  59  4:32  Extractor  
  59  4:35  Extractor, Drone  
  59  4:36  Drone  
  59  4:40  Overlord  
  59  4:45  Drone x6  
  65  4:46  Drone  
  65  4:50  Overlord  
  66  4:57  Overlord  
  66  5:02  Drone x5  
  66  5:05  Extractor x2  
  69  5:08  Drone  
  69  5:12  Spire, Overlord  
  69  5:15  Roach Warren  
  67  5:35  Zergling x12  
  65  5:36  Zergling x2  
  65  5:38  Zergling x8  
  72  5:46  Zergling x2  
  72  5:47  Zergling x12  
  69  5:56  Drone x2  
  65  6:02  Drone  
  65  6:04  Baneling  
Tags
 
Add a new tag
Caveats
  • Supply blocks, unpowered buildings, or Contaminate may cause inaccurate times.
  • Supply counts are checked every 10 seconds.